 Dungeon Crawl Stone Soup version 0.18.1-47-g9310371 (webtiles) character file.

21 Namira the Caller (level 2, 0/15 HPs)
             Began as a Deep Elf Summoner on June 13, 2016.
             Slain by a jackal (3 damage)
             ... on level 1 of the Dungeon.
             The game lasted 00:13:34 (970 turns).

Namira the Caller (Deep Elf Summoner)                Turns: 970, Time: 00:13:35

Health: 0/15       AC:  2    Str:  5    XL:     2   Next: 65%
Magic:  3/8        EV: 13    Int: 19    God:
Gold:   84         SH:  0    Dex: 15    Spells: 1 memorised, 6 levels left

rFire  . . .     SeeInvis .     e - +0 club
rCold  . . .     Gourm    .     a - +0 robe
rNeg   . . .     Faith    .     (no shield)
rPois  .         Spirit   .     (no helmet)
rElec  .         Dismiss  .     (no cloak)
rCorr  .         Reflect  .     (no gloves)
SustAt .         Harm     .     (no boots)
MR     .....                    (no amulet)
Stlth  ++........               (no ring)
                                (no ring)

@: not resistant to hostile enchantments, unstealthy
A: no striking features
a: no special abilities


You were on level 1 of the Dungeon.
You were not hungry.

You visited 1 branch of the dungeon, and saw 1 of its levels.

You collected 84 gold pieces.

Inventory:

Hand Weapons
 e - a +0 club (weapon)
Armour
 a - a +0 robe (worn)
Jewellery
 j - an uncursed ring of see invisible {unknown}
Books
 b - a book of Callings

   Spells                             Type                      Level
   a - Summon Small Mammal            Summoning                    1
   b - Call Imp                       Summoning                    2
   c - Call Canine Familiar           Summoning                    3
   d - Summon Guardian Golem          Hexes/Summoning              3
   e - Summon Lightning Spire         Summoning/Air                4
   f - Summon Ice Beast               Ice/Summoning                4
Comestibles
 c - a bread ration
 d - 2 meat rations
 f - 4 chunks of flesh


   Skills:
 + Level 2.5 Dodging
 + Level 2.6 Stealth
 + Level 3.3 Spellcasting
 + Level 5.0 Summonings


You had 6 spell levels left.
You knew the following spells:

 Your Spells              Type           Power        Failure   Level  Hunger
a - Summon Small Mammal   Summ           ###.         1%          1    None


Dungeon Overview and Level Annotations

Branches:
Dungeon (1/15)

Altars:


Message History

The jackal bites you.
* * * LOW HITPOINT WARNING * * *
Your bat hits the jackal but does no damage.
The jackal misses your bat.
Your quokka barely misses the jackal. x2
Your bat hits the jackal but does no damage.
The jackal closely misses your bat.
Your quokka closely misses the jackal.
Your bat barely misses the jackal.
Your bat hits the jackal but does no damage.
The jackal misses your bat.
Your quokka closely misses the jackal.
The jackal misses you. The jackal barely misses you.
You closely miss the jackal.
Your bat hits the jackal but does no damage.
Your bat barely misses the jackal.
Your bat hits the jackal but does no damage.
The jackal barely misses you.
You barely miss the jackal.
Your bat hits the jackal but does no damage.
The jackal bites you.
You die...

#.#...#.........# ###.#
.................#########
#.#
..####....#.####.##......#
#.## .##
#............##......# #..#
.# #.........##>##......#
##.# .#
#.....r...#..........# #.# ##
#.......†....##(.....# #.#
#.....r...##.##......#####.##
#.÷....h.r.h@...............#
#.(......b##.##......#####.##
######....#####.........##
###.## ..........#
#(........# #.....
..........# #........##
#..... ..........# #........#
#..... ..........# #........#
#..... ..........# #........#
#..... ..........# #......>.#
####.#


You could see 2 jackals, 2 friendly quokkas and a friendly bat.

Vanquished Creatures
  A jackal (D:1)
  A ball python (D:1)
  A rat (D:1)
3 creatures vanquished.

Vanquished Creatures (collateral kills)
  An ooze (D:1)
  4 bats (D:1)
  3 giant cockroaches (D:1)
  3 goblins (D:1)
  8 hobgoblins (D:1)
  A jackal (D:1)
  A kobold (D:1)
  4 rats (D:1)
  A plant (D:1)
26 creatures vanquished.

Grand Total: 29 creatures vanquished

Notes
Turn   | Place    | Note
--------------------------------------------------------------
     0 | D:1      | Namira the Deep Elf Summoner began the quest for the Orb.
     0 | D:1      | Reached XP level 1. HP: 10/10 MP: 6/6
   508 | D:1      | Reached XP level 2. HP: 14/15 MP: 4/8
   767 | D:1      | Reached skill level 5 in Summonings
   970 | D:1      | Slain by a jackal

Skill      XL: |  1  2 |
---------------+-------+-----
Summonings     | 5 |  5.0
Dodging        | |  2.5
Stealth        | |  2.6
Spellcasting   | |  3.3

Action                   || total
-------------------------++-------
Melee: Club              ||    27
       Unarmed           ||     4
 Cast: Summon Small Mamm ||    69
  Use: Scroll            ||     2
       Potion            ||     1
Armor: Robe              ||    17
Dodge: Dodged            ||    86
